 Dungeon Crawl Stone Soup version 0.17.0-28-g6e173f8 (webtiles) character file.

609 Helmschank the Ruffian (level 7, -4/99 HPs)
             Began as a Troll Berserker on Nov 28, 2015.
             Was a Priest of Trog.
             Slain by a gnoll
             ... wielding a +0 spear
              (6 damage)
             ... on level 4 of the Dungeon.
             The game lasted 00:13:54 (2968 turns).

Helmschank the Ruffian (Troll Berserker)            Turns: 2968, Time: 00:13:54

Health: -4/99      AC:  7    Str: 33    XL:     7   Next: 19%
Magic:  6/6        EV: 11    Int:  3    God:    Trog [***...]
Gold:   221        SH:  0    Dex: 11    Spells: 0 memorised, 6 levels left

rFire  . . .     SeeInvis .       - Unarmed
rCold  . . .     Clarity  .     q - +0 robe
rNeg   . . .     SustAt   .     (no shield)
rPois  .         Gourm    +     (helmet restricted)
rElec  .         Spirit   .     j - +1 cloak
rCorr  .         Warding  .     (gloves unavailable)
rMut   .         Stasis   .     (boots unavailable)
MR     ++...                    (no amulet)
Stlth  ..........               (no ring)
                                k - +2 ring of strength

@: berserking, lethally poisoned (-4 -> -7), regenerating, very quick, very
resistant to hostile enchantments, extremely unstealthy
A: unfitting armour, claws 3, fast metabolism 3, gourmand, regeneration 2,
shaggy fur 1, tough skin 2
a: Berserk, Trog's Hand, Burn Spellbooks, Renounce Religion


You were on level 4 of the Dungeon.
You worshipped Trog.
Trog was most pleased with you.
You were very full.

You visited 1 branch of the dungeon, and saw 4 of its levels.

You collected 221 gold pieces.

Inventory:

Hand Weapons
 b - a +0 giant spiked club
 e - a +1 antimagic mace
 v - a +4 mace
Missiles
 c - 45 poisoned needles
 p - 2 tomahawks of returning (quivered)
 U - 150 stones
Armour
 j - a +1 cloak (worn)
 q - a +0 robe (worn)
Jewellery
 k - a +2 ring of strength (left claw)
Wands
 m - a wand of random effects (28)
 s - a wand of polymorph (9)
Scrolls
 h - 3 scrolls of remove curse {unknown}
Potions
 f - 2 potions of curing
 n - a potion of magic {unknown}
 r - 2 potions of poison
 t - a potion of might {unknown}
 w - a potion of brilliance
Comestibles
 a - 5 bread rations
 g - 4 fruits
 i - a royal jelly
 l - 2 chunks of flesh
 o - 2 meat rations


   Skills:
 - Level 2.4 Fighting
 + Level 0.3 Maces & Flails
 - Level 3.6 Throwing
 - Level 4.0 Dodging
 - Level 6.0 Unarmed Combat


You had 6 spell levels left.
You didn't know any spells.

Dungeon Overview and Level Annotations

Branches:
Dungeon (4/15)
 Temple: D:4-7

Altars:
Gozag
Nemelex Xobeh
Okawaru
Zin

Annotations:
D:4 1 exclusion


Innate Abilities, Weirdness & Mutations

You are too large for most types of armour.
You have claws for hands.
Your metabolism is lightning-fast.
You like to eat raw meat.
You heal very quickly.
You are covered in fur (AC +1).
You have very tough skin (AC +2).


Message History

You mangle the gnoll shaman!!
You kill the gnoll shaman!
Trog accepts your kill.
Your Dodging skill increases to level 4!
* * * LOW HITPOINT WARNING * * *
You feel sick.
You take 1 damage, and have 2/99 hp.
Finished training Dodging to level 4.0.
Fgt Sbl Lbl Axs M&F Pla Stv UC Bws Crb Thr Slg Arm Ddg Shd Spc CnJ Hex Cha SUm Nec TrL TrM Fir Ice Air Ear Poi Inv Evo Sth Train which skill (Letter or Shift+Letter)?
Fgt Sbl Lbl Axs M&F Pla Stv UC Bws Crb Thr Slg Arm Ddg Shd Spc CnJ Hex Cha SUm Nec TrL TrM Fir Ice Air Ear Poi Inv Evo Sth Train Maces & Flails to which level (currently at 0.0)?
Started training Maces & Flails to 2.0.
You mangle the gnoll!!
You kill the gnoll!
Trog accepts your kill.
* * * LOW HITPOINT WARNING * * *
You feel sick. The gnoll hits you with a spear.
You die...

+############+#
.....gg@gg....#
.....ggg)g....#
......g§g.%$..#
.......g......+
###############
#######++++######


You could see 2 gnoll shamans and 9 gnolls.

Vanquished Creatures
  2 ogres
  A gnoll sergeant (D:4)
  A gnoll shaman (D:4)
  Ijyb (D:2)
  2 hounds (D:2)
  Terence (D:2)
  Natasha (thrice) (D:2)
  A worker ant (D:3)
  4 gnolls
  Robin (D:3)
  4 adders
  2 oozes
  An adder skeleton (D:4)
  A worm (D:4)
  3 giant geckos
  2 orcs (D:3)
  8 hobgoblins
  6 jackals
  A quokka (D:3)
  3 ball pythons
  4 bats
  3 giant cockroaches
  11 giant newts
  16 goblins
  9 kobolds
  11 rats
102 creatures vanquished.

Notes
Turn   | Place    | Note
--------------------------------------------------------------
     0 | D:1      | Helmschank the Troll Berserker began the quest for the Orb.
     0 | D:1      | Reached XP level 1. HP: 22/22 MP: 0/0
   168 | D:1      | Reached XP level 2. HP: 29/29 MP: 1/1
   560 | D:1      | Reached skill level 4 in Unarmed Combat
   655 | D:2      | Reached XP level 3. HP: 36/36 MP: 2/2
   700 | D:2      | Reached ** piety under Trog
   762 | D:2      | Noticed Ijyb
   770 | D:2      | Killed Ijyb
   770 | D:2      | Reached XP level 4. HP: 44/44 MP: 3/3
   817 | D:2      | Found an opulent altar of Gozag.
   817 | D:2      | Found a sparkling altar of Nemelex Xobeh.
   848 | D:2      | Reached skill level 5 in Unarmed Combat
   999 | D:2      | Noticed Terence
  1010 | D:2      | Killed Terence
  1134 | D:2      | Noticed Natasha
  1141 | D:2      | Killed Natasha
  1141 | D:2      | Reached XP level 5. HP: 44/50 MP: 4/4
  1312 | D:2      | Reached skill level 6 in Unarmed Combat
  1322 | D:2      | Reached skill level 1 in Throwing
  1574 | D:2      | Noticed Natasha
  1580 | D:2      | Killed Natasha
  1749 | D:3      | Noticed Robin
  1757 | D:3      | Reached *** piety under Trog
  1759 | D:3      | Killed Robin
  1843 | D:3      | Found a glowing silver altar of Zin.
  1938 | D:3      | Reached XP level 6. HP: 59/59 MP: 5/5
  1941 | D:3      | Found an iron altar of Okawaru.
  2203 | D:2      | Noticed Natasha
  2205 | D:2      | Killed Natasha
  2965 | D:4      | HP: 3/88 [gnoll sergeant/trident of venom (15)]
  2966 | D:4      | Reached XP level 7. HP: 3/66 MP: 6/6
  2968 | D:4      | Slain by a gnoll

Action                   |  1- 3 |  4- 6 |  7- 9 || total
-------------------------+-------+-------+-------++-------
Melee: Unarmed           |    64 |   161 |     2 ||   227
Throw: Stone             |    35 |     4 |       ||    39
       Tomahawk          |       |    30 |       ||    30
Invok: Berserk           |       |     2 |       ||     2
       Burn Spellbooks   |       |     1 |       ||     1
       Trog's Hand       |       |     1 |       ||     1
  Use: Scroll            |       |     6 |       ||     6
 Stab: Sleeping          |       |     3 |       ||     3
  Eat: Chunk             |    12 |    21 |       ||    33
